Map: Ascension to Aiur LE

Players

Rob - Winner!

  • Race: Protoss Protoss
  • League: Grandmaster
  • Spawn Location: 5:00

Jason

  • Race: Terran Terran
  • League: Grandmaster
  • Spawn Location: 11:00

VOD

Have the link to the VOD?

Description

Time

  • Played on: May 14, 2019, 11:27 a.m.
  • Length: 6:02
Show
View Real Time Build Order
Export as new Build Order

Rob Protoss - Winner!

Build Orders: 1 Gate Expand, Blink Stalkers 

Get SALT Encoding   

  12  0:00  Probe  
  13  0:12  Probe  
  14  0:17  Pylon  
  14  0:25  Probe  
  15  0:33  Probe  
  15  0:35  Gateway  
  15  0:41  Probe  
  16  0:47  Assimilator  
  17  0:51  Probe  
  18  1:03  Probe  
  19  1:15  Probe  
  20  1:23  Cybernetics Core  
  20  1:32  Nexus  
  20  1:38  Probe  
  20  1:40  Pylon  
  20  1:47  Probe  
  21  1:49  Assimilator  
  22  1:57  Probe  
  22  1:58  Warp Gate  
  22  1:59  Adept  
  25  2:09  Probe  
  26  2:21  Probe  
  27  2:29  Stalker  
  29  2:33  Probe  
  30  2:39  Twilight Council  
  30  2:41  Probe  
  30  2:45  Probe  
  30  2:48  Blink  
  30  2:49  Probe, Shield Battery  
  32  2:57  Probe  
  34  2:59  Stalker, Probe  
  37  3:10  Probe  
  37  3:11  Probe  
  39  3:22  Probe  
  39  3:23  Probe  
  41  3:34  Probe  
  42  3:35  Probe  
  41  3:41  Gateway  
  41  3:42  Pylon  
  41  3:43  Gateway  
  41  3:46  Probe  
  41  3:47  Stalker  
  44  3:48  Probe  
  44  3:52  Pylon  
  45  4:00  Gateway  
  45  4:02  Gateway  
  45  4:04  Probe  
  45  4:05  Probe  
  47  4:10  Stalker  
  47  4:16  Probe, Pylon  
  50  4:20  Probe  
  50  4:23  Gateway  
  51  4:28  Pylon  
  51  4:31  Assimilator  
  51  4:36  Stalker x2  
  55  4:39  Stalker  
  57  4:55  Stalker  
  59  5:01  Stalker x3  
  65  5:07  Stalker  
  65  5:09  Assimilator  
  65  5:12  Pylon  
  67  5:17  Robotics Facility  
  61  5:30  Stalker x5  
  69  5:50  Stalker  
Show
View Real Time Build Order
Export as new Build Order

Jason Terran 

Build Orders: Gas First Reaper Expand 

Get SALT Encoding   

  12  0:00  SCV  
  13  0:12  SCV  
  14  0:17  Supply Depot  
  14  0:25  SCV  
  15  0:28  Refinery  
  15  0:39  SCV  
  16  0:44  Barracks  
  16  0:51  SCV  
  17  1:03  SCV  
  18  1:15  SCV  
  19  1:32  Reaper, Orbital Command  
  20  1:46  Command Center  
  20  1:57  Factory  
  20  2:01  SCV  
  21  2:06  Barracks Reactor  
  21  2:11  Supply Depot  
  21  2:15  SCV  
  22  2:22  Refinery  
  22  2:27  SCV  
  23  2:39  SCV  
  23  2:40  Hellion  
  23  2:43  Marine x2  
  28  2:46  Starport  
  28  2:51  SCV  
  29  2:59  Orbital Command  
  29  3:04  Marine x2  
  31  3:07  Widow Mine  
  31  3:10  SCV  
  34  3:27  Marine x2  
  34  3:29  Factory Tech Lab  
  34  3:32  SCV  
  34  3:33  Medivac  
  38  3:36  SCV  
  39  3:44  SCV  
  39  3:46  Marine x2  
  42  3:49  SCV, Supply Depot  
  42  3:51  Supply Depot  
  43  3:58  Bunker  
  43  3:59  SCV  
  43  4:01  SCV  
  45  4:05  Factory Tech Lab  
  45  4:07  Barracks  
  45  4:11  SCV, Raven  
  45  4:13  SCV  
  45  4:16  Marine  
  45  4:17  Marine  
  50  4:24  SCV  
  52  4:28  SCV, Siege Tank  
  56  4:34  Supply Depot  
  56  4:37  SCV  
  56  4:38  Marine x2  
  59  4:40  SCV  
  60  4:45  Barracks  
  60  4:49  Refinery  
  60  4:52  SCV, Engineering Bay  
  59  4:53  SCV  
  60  5:00  Siege Tank  
  60  5:03  Marauder  
  60  5:04  Marine x2  
  60  5:05  SCV, Starport Reactor  
  67  5:16  SCV  
  67  5:17  SCV  
  67  5:20  Supply Depot  
  69  5:23  Supply Depot  
  64  5:29  Marauder, Marine x2  
  65  5:44  SCV  
  65  5:49  SCV  
Tags
 
Add a new tag
Caveats
  • Supply blocks, unpowered buildings, or Contaminate may cause inaccurate times.
  • Supply counts are checked every 10 seconds.